 Dungeon Crawl Stone Soup version 0.21-a0-421-gfc1ce30 (webtiles) character file.

363 ohad the Changer (level 6, -1/38 HPs)
             Began as an Octopode Transmuter on Nov 4, 2017.
             Slain by Edmund
             ... wielding a +4 antimagic flail
              (13 damage)
             ... on level 4 of the Dungeon.
             The game lasted 00:07:50 (4270 turns).

ohad the Changer (Octopode Transmuter)              Turns: 4270, Time: 00:07:52

Health: -1/38      AC:  2    Str:  9    XL:     6   Next: 67%
Magic:  3/9        EV: 20    Int: 17    God:
Gold:   175        SH:  0    Dex: 18    Spells: 3/9 levels left

rFire    . . .     SeeInvis .     - Unarmed
rCold    . . .     Gourm    .   (shield currently unavailable)
rNeg     . . .     Faith    +   (helmet currently unavailable)
rPois    x         Spirit   .   i - amulet of faith
rElec    .         Reflect  .   B - ring of stealth
rCorr    .         Harm     .   (no ring)
MR       .....                  (no ring)
Stlth    +++.......             (no ring)
HPRegen  0.12/turn              (no ring)
MPRegen  0.11/turn              (no ring)
                                (no ring)
                                (no ring)

@: spider-form
A: almost no armour, stealthy swim, (amphibious), 8 rings, (constrict 8)
a: End Transformation


You were on level 4 of the Dungeon.
You were not hungry.
You were a venomous arachnid creature.
You visited 1 branch of the dungeon, and saw 4 of its levels.

You collected 175 gold pieces.

Inventory:

Hand Weapons
 d - a +0 dagger
 m - a +4 dagger (melded)
 r - a cursed -1 hand axe
 u - a +0 dagger of protection
 v - a +0 rapier
 y - a +3 quarterstaff of chaos
 A - a +0 blowgun
Missiles
 a - 129 arrows
 e - 62 poisoned needles
 l - 57 bolts
 F - 11 tomahawks (quivered)
Jewellery
 i - an amulet of faith (around neck)
 B - a ring of stealth (left front leg)
Wands
 G - a wand of disintegration (10/24)
Scrolls
 f - a scroll of fog {unknown}
 g - a scroll of enchant armour {unknown}
 j - 5 scrolls of teleportation
 o - 2 scrolls of amnesia {unknown}
 q - a scroll of magic mapping {unknown}
 s - a scroll of remove curse
 w - a scroll of fear {unknown}
 z - a scroll of noise {unknown}
 E - a scroll of random uselessness {unknown}
Potions
 h - 3 potions of agility
 k - a potion of invisibility
 n - a potion of might
 p - 2 potions of curing
 C - 2 potions of berserk rage {unknown}
 D - a potion of heal wounds {unknown}
Books
 b - a book of Changes

   Spells                             Type                      Level
   a - Beastly Appendage              Transmutation                1
   b - Sticks to Snakes               Transmutation                2
   c - Spider Form                    Transmutation/Poison         3
   d - Ice Form                       Ice/Transmutation            4
   e - Blade Hands                    Transmutation                5
Comestibles
 c - 4 bread rations
 t - a meat ration
 x - a fruit


   Skills:
 - Level 1.0 Fighting
 - Level 2.0 Dodging
 - Level 2.0 Stealth
 - Level 3.0 Unarmed Combat
 - Level 2.0 Spellcasting
 + Level 6.7 Transmutations


You had 3 spell levels left.
You knew the following spells:

 Your Spells              Type           Power        Failure   Level  Hunger
a - Beastly Appendage     Tmut           ###...       6%          1    #......
b - Sticks to Snakes      Tmut           ###.....     8%          2    ###....
c - Spider Form           Tmut/Pois      ##........   32%         3    ###....


Dungeon Overview and Level Annotations

Branches:
Dungeon (4/15)
 Temple: D:4-7

Altars:
Elyvilon
Sif Muna

Annotations:
D:4 Edmund


Innate Abilities, Weirdness & Mutations

You cannot wear most types of armour.
You are very stealthy in the water. (Stealth+)
((You are amphibious.))
You can wear up to eight rings at the same time.
((You can use your tentacles to constrict eight enemies at once.))
((Your skin changes colour to match your surroundings (Stealth+).))
((Your rubbery body absorbs attacks. (AC +1, EV +1)))


Message History

Edmund zaps a wand.
The puff of flame hits you!
Edmund zaps a wand.
The puff of flame hits you!
Casting: Spider Form
Confirm with . or Enter, or press ? or * to list all spells.
You create a snake!
You now have 130 arrows.
Edmund clears his throat.
Edmund zaps a wand.
The puff of flame misses you.
Edmund zaps a wand.
The puff of flame hits you!
Casting: Sticks to Snakes
Confirm with . or Enter, or press ? or * to list all spells.
You create a snake!
You now have 129 arrows.
You swap places.
Your ball python barely misses Edmund. x2
Edmund closely misses you.
Your adder closely misses Edmund.
You hit Edmund.
Edmund is lightly wounded.
Your ball python bites Edmund but does no damage.
Your ball python barely misses Edmund.
Your adder bites Edmund but does no damage.
Edmund hits you with an antimagic flail!
You die...

#..........#
#..........#
#..........#
#..........#
#..........
#..........
###..........
#.SS.........
#s@.#########
#...# #...#
#...# #...#
#...# #...#
.....


You could see Edmund, a friendly adder and a friendly ball python.

Vanquished Creatures
  A scorpion (D:4)
  A howler monkey (D:4)
  Crazy Yiuf (D:3)
  2 orc wizards (D:3)
  An orc priest (D:4)
  Terence (D:2)
  4 adders
  An ooze (D:3)
  3 worms
  2 dart slugs
  3 leopard geckos
  9 orcs
  6 bats
  4 giant cockroaches
  5 goblins
  10 hobgoblins
  6 jackals
  2 quokkas (D:3)
  4 frilled lizards
  5 kobolds
  7 rats
78 creatures vanquished.

Notes
Turn   | Place    | Note
-------+----------+-------------------------------------------
     0 | D:1      | ohad the Octopode Transmuter began the quest for the Orb.
     0 | D:1      | Reached XP level 1. HP: 13/13 MP: 3/3
   100 | D:1      | Reached skill level 1 in Stealth
   294 | D:1      | Reached XP level 2. HP: 14/18 MP: 3/5
   618 | D:1      | Learned a level 2 spell: Sticks to Snakes
  1038 | D:2      | Reached skill level 3 in Transmutations
  1038 | D:2      | Reached XP level 3. HP: 15/23 MP: 4/6
  1145 | D:2      | Learned a level 3 spell: Spider Form
  1193 | D:2      | Noticed Terence
  1224 | D:2      | Killed Terence
  1333 | D:2      | Found a white marble altar of Elyvilon.
  1371 | D:2      | Reached XP level 4. HP: 24/28 MP: 5/7
  1404 | D:2      | Reached skill level 4 in Transmutations
  2100 | D:3      | Reached XP level 5. HP: 28/33 MP: 6/8
  2109 | D:3      | Reached skill level 5 in Transmutations
  2718 | D:3      | Found a runed door.
  2798 | D:3      | Noticed Crazy Yiuf
  2809 | D:3      | Killed Crazy Yiuf
  3015 | D:3      | Found a deep blue altar of Sif Muna.
  3116 | D:3      | Reached XP level 6. HP: 35/38 MP: 9/9
  3402 | D:4      | Reached skill level 6 in Transmutations
  4257 | D:4      | Noticed Edmund
  4270 | D:4      | Slain by Edmund

Vault maps used:
D:1:      dpeg_arrival_prison
D:2:      elyvilon_altar_5, uniq_terence
D:3:      led_sif_pool, guppyfry_early_orc_mine, uniq_crazy_yiuf_cottage
D:4:      kennysheep_little_box, uniq_edmund

Skill      XL: |  1  2  3  4  5  6 |
---------------+-------------------+-----
Stealth        | 1 2 |  2.0
Transmutations | 3 4 5 6 |  6.7
Fighting       | |  1.0
Dodging        | |  2.0
Unarmed Combat | |  3.0
Spellcasting   | |  2.0

Action                   |  1- 3 |  4- 6 || total
-------------------------+-------+-------++-------
Melee: Unarmed           |    53 |   114 ||   167
       Tentacles         |    13 |     9 ||    22
       Constrict         |    14 |    12 ||    26
       Kick              |     4 |     7 ||    11
       Dagger            |       |    44 ||    44
       Punch             |       |     1 ||     1
 Cast: Beastly Appendage |    10 |     7 ||    17
       Spider Form       |     1 |    14 ||    15
       Sticks to Snakes  |       |     5 ||     5
  Use: Scroll            |       |     6 ||     6
       Potion            |       |     1 ||     1
 Stab: Sleeping          |     5 |     9 ||    14
       Distracted        |       |     2 ||     2
  Eat: Chunk             |     2 |    10 ||    12
       Fruit             |       |     1 ||     1
Armor: Skin              |     4 |    14 ||    18
Dodge: Dodged            |    33 |   105 ||   138

Table legend:
 A = Spawn XP
 B = Non-spawn XP
 C = Spawn XP percentage of total XP
 D = Spawn monster count
 E = Non-spawn monster count
 F = Spawn count percentage of total count
 G = Total turns spent on level
                    A         B        C        D         E        F      G
               +---------+---------+-------+---------+---------+-------+---------
         Total |       0 |     519 |   0.0 |       0 |      78 |   0.0 |  4270
               +---------+---------+-------+---------+---------+-------+---------
           D:1 |       0 |      26 |   0.0 |       0 |      12 |   0.0 |   979
           D:2 |       0 |     105 |   0.0 |       0 |      21 |   0.0 |  1076
           D:3 |       0 |     199 |   0.0 |       0 |      37 |   0.0 |  1285
           D:4 |       0 |     189 |   0.0 |       0 |       8 |   0.0 |   930
               +---------+---------+-------+---------+---------+-------+---------
